 Dungeon Crawl Stone Soup version 0.24.0-123-gd5b16e6ec5 (webtiles) character file.

Game seed: 6122541999276274395, levelgen mode: deterministic

335964 UrsusMedved the Slayer (level 20, 0/204 HPs)
             Began as a Minotaur Berserker on Jan 10, 2020.
             Was the Champion of Trog.
             Slain by a flayed ghost (14 damage)
             ... on level 2 of the Crypt.
             The game lasted 04:13:21 (51028 turns).

UrsusMedved the Slayer (Minotaur Berserker)        Turns: 51028, Time: 04:13:21

Health: 0/204      AC: 44    Str: 30    XL:     20   Next: 97%
Magic:  0/28       EV:  9    Int: 16    God:    Trog [******]
Gold:   3026       SH: 27    Dex: 11    Spells: 19/19 levels left

rFire    + + .     SeeInvis .   v - +10 demon trident of Jozunitt {flame, +Rage +Fly rPois}
rCold    . . .     Gourm    .   R - +2 large shield
rNeg     + . .     Faith    .   X - +15 Maxwell's patent armour {-Cast -Tele rElec MR+ rCorr}
rPois    +         Spirit   +   (helmet restricted)
rElec    +         Reflect  .   N - +1 cloak "Puapug" {Int+6 Stlth+}
rCorr    +         Harm     .   V - +0 pair of gloves of Limited Liability {Int+4}
MR       +++++     NoTele   +   Q - +0 pair of boots Stlth ..........NoCast +
                                Y - amulet "Razearaq" {Spirit rF+ rN+}
HPRegen  1.44/turn              d - +4 ring of protection
MPRegen  0.21/turn              L - ring of Qysah {rF+ MR+ MP+9 Int+2}

@: flayed, berserk cooldown, regenerating, slowed, very slow
A: retaliatory headbutt, horns 2
}: 2/15 runes: decaying, gossamer
a: Berserk, Trog's Hand, Brothers in Arms, Renounce Religion, Evoke Berserk
Rage, Evoke Flight


You were on level 2 of the Crypt.
You worshipped Trog.
Trog was exalted by your worship.
You were not hungry.

You visited 8 branches of the dungeon, and saw 38 of its levels.
You also visited: Sewer, Gauntlet and Ice Cave.

You collected 5223 gold pieces.
You spent 2197 gold pieces at shops.

Inventory:

Hand Weapons
 v - the +10 demon trident of Jozunitt (weapon) {flame, +Rage +Fly rPois}
   (Trog gifted it to you on level 11 of the Dungeon)

   It has been specially enchanted to burn those struck by it, causing extra
   injury to most foes and up to half again as much damage against particularly
   susceptible opponents.
   It protects you from poison.
   It lets you fly.
   It lets you go berserk.
Armour
 p - a +2 plate armour of fire resistance
 N - the +1 cloak "Puapug" (worn) {Int+6 Stlth+}
   (You found it in a Gauntlet)

   It affects your intelligence (+6).
   It makes you more stealthy.
 Q - a +0 pair of boots (worn)
 R - a +2 large shield (worn)
 V - the +0 pair of gloves of Limited Liability (worn) {Int+4}
   (You found it on level 1 of the Lair of Beasts)

   It affects your intelligence (+4).
 X - the +15 Maxwell's patent armour (worn) {-Cast -Tele rElec MR+ rCorr}
   (You found it on level 1 of the Elven Halls)

   It insulates you from electricity.
   It affects your resistance to hostile enchantments.
   It prevents spellcasting.
   It prevents most forms of teleportation.
   It provides partial protection from all sources of acid and corrosion.
Jewellery
 a - an uncursed ring of protection from magic
 d - a +4 ring of protection (left hand)
 H - an uncursed ring of poison resistance
 L - the ring of Qysah (right hand) {rF+ MR+ MP+9 Int+2}
   (You bought it in a shop on level 2 of the Orcish Mines)

   [ring of protection from fire]

   It affects your intelligence (+2).
   It protects you from fire.
   It affects your resistance to hostile enchantments.
   It affects your magic capacity (+9).
 P - a +3 ring of slaying
 Y - the amulet "Razearaq" (around neck) {Spirit rF+ rN+}
   (You bought it in a shop on level 1 of the Vaults)

   [amulet of guardian spirit]

   It causes incoming damage to be split between your health and magic.
   It protects you from fire.
   It protects you from negative energy.
Wands
 m - a wand of iceblast (24)
 y - a wand of acid (16)
 C - a wand of polymorph (19)
 D - a wand of random effects (64)
 E - a wand of clouds (9)
 I - a wand of digging (22)
 J - a wand of enslavement (10)
 K - a wand of disintegration (26)
 O - a wand of flame (87)
Scrolls
 b - 11 scrolls of identify
 e - 2 scrolls of brand weapon
 h - 16 scrolls of teleportation
 i - 14 scrolls of enchant armour
 k - 4 scrolls of silence
 r - 7 scrolls of fog
 u - 15 scrolls of remove curse
 x - 7 scrolls of fear
 B - 5 scrolls of enchant weapon
 G - 2 scrolls of holy word
 M - 7 scrolls of magic mapping
 T - 6 scrolls of blinking
Potions
 f - 5 potions of cancellation
 g - 2 potions of berserk rage
 j - 3 potions of invisibility
 l - 5 potions of magic
 n - 9 potions of agility
 o - 3 potions of heal wounds
 q - 4 potions of mutation
 s - 8 potions of might
 t - 13 potions of flight
 w - 4 potions of brilliance
 z - 17 potions of curing
 F - 2 potions of resistance
 S - 3 potions of haste
 U - 3 potions of ambrosia
Comestibles
 c - 42 rations


   Skills:
 + Level 23.2 Fighting
 - Level 22.2 Polearms
 + Level 19.1 Armour
 - Level 2.1 Dodging
 + Level 21.3 Shields
 + Level 0.2 Evocations


You had 19 spell levels left.
You didn't know any spells.
Your spell library was empty.

Dungeon Overview and Level Annotations

Branches:
Dungeon (15/15)            Temple (0/1) D:6            Lair (6/6) D:8
  Swamp (4/4) Lair:2       Spider (4/4) Lair:2        Slime (0/5) Lair:5
    Orc (2/2) D:11            Elf (3/3) Orc:2        Vaults (2/5) D:14
  Crypt (1/3) Vaults:2     Depths (0/5) D:15          Sewer (visited)
  IceCv (visited)         Gauntlet (visited)

Altars:
Dithmenos
Fedhas
Gozag
Makhleb
Nemelex Xobeh
Ru
Vehumet
Xom
Yredelemnul
The Shining One
Beogh

Shops:
D:6 !   Orc:1 }   Orc:2 (*?=   Elf:2 (   Vaults:1 =   Vaults:2 (

Annotations:
Lair:1 exclusion: 3 oklob plants
Crypt:1 3 runed translucent doors, exclusion: obsidian statue, Kucw's ghost, adept GrFi


Innate Abilities, Weirdness & Mutations

You reflexively headbutt those who attack you in melee.
You have a pair of horns on your head.


Message History

You hit the jiangshi. You burn the jiangshi. Your headbutt misses the jiangshi.
The jiangshi is severely damaged.
You block the jiangshi's attack. x2
You puncture the jiangshi! You burn the jiangshi. You headbutt the jiangshi.
You destroy the jiangshi!
Trog accepts your kill.
The shadow strikes at you from the darkness!
The shadow hits you.
You puncture the shadow! You burn the shadow.
The shadow is severely damaged.
You block the shadow's attack.
You impale the shadow!! You burn the shadow.
You destroy the shadow!
Trog accepts your kill.
Unknown command.
You hit the flayed ghost. You burn the flayed ghost.
Your headbutt misses the flayed ghost.
The flayed ghost is lightly damaged.
The flayed ghost hits you!
You die...

####.############.#
......[..W@.......#
###...#########...#
#.. # ... ###


You could see a flayed ghost.

Vanquished Creatures
  Arachne (Spider:4)
  Jorgrun (Spider:2)
  Rupert (Lair:6)
  A tentacled monstrosity (Swamp:2)
  2 deep elf blademasters (Elf:3)
  4 deep elf master archers (Elf:3)
  7 thorn hunters
  A storm dragon (Vaults:1)
  Kirke (Spider:3)
  The ghost of FishyPogo the Warrior, an adept GrGl of Makhleb (Swamp:4)
  A fire giant (Vaults:1)
  Roxanne (Spider:4)
  3 deep elf sorcerers
  A deep elf elementalist (Elf:3)
  A curse skull (Crypt:2)
  4 ghost moths (Spider:4)
  5 vault wardens
  A very ugly thing (Swamp:4)
  3 emperor scorpions
  Louise (Spider:1)
  6 ghouls (Crypt:1)
  3 ironheart preservers
  3 stone giants (Vaults:2)
  A war gargoyle (Vaults:1)
  4 entropy weavers
  A deep elf demonologist (Elf:1)
  5 deep elf annihilators
  4 spark wasps
  A minotaur (Gauntlet)
  11 deep elf death magi
  An eidolon (Crypt:2)
  An ettin (D:11)
  5 fire dragons
  3 deep elf high priests
  5 jiangshi (Crypt:2)
  2 yaktaur captains
  4 vault guards (Vaults:1)
  3 great orbs of eyes
  A ghost crab (Swamp:3)
  30 hydras
  2 shambling mangroves
  5 centaur warriors
  5 ogre magi
  3 ice dragons
  Erica (D:8)
  18 two-headed ogres
  16 alligators
  23 dancing weapons
  A deep troll shaman (Vaults:1)
  An orc high priest (Orc:1)
  2 vampire magi
  2 death knights
  14 death yaks
  Urug (Orc:2)
  22 deep elf knights
  6 skeletal warriors
  2 sixfirhies (Gauntlet)
  3 deep trolls
  5 unseen horrors
  An unseen horror (shapeshifter) (D:10)
  A small abomination (Elf:3)
  A flayed ghost (Vaults:2)
  2 spriggan druids
  2 iron trolls
  A quicksilver dragon simulacrum (Crypt:1)
  8 swamp dragons
  2 wizards (Vaults:1)
  A lindwurm (D:14)
  5 ironbrand convokers
  14 deep elf archers
  8 orc knights
  A phantasmal warrior (Crypt:1)
  A wolf spider zombie (D:14)
  2 orc sorcerers
  53 deep elf magi
  15 orb spiders
  14 cyclopes
  23 slime creatures
  26 wolf spiders
  4 manticores
  32 ugly things
  A moth of wrath (Lair:2)
  3 ice statues (IceCv)
  A salamander (shapeshifter) (Vaults:2)
  2 black mambas
  Maurice (D:12)
  3 gargoyles
  A stone giant skeleton (Crypt:1)
  2 centaur skeletons (D:13)
  18 spiny frogs
  7 vault sentinels
  Joseph (D:7)
  3 torpor snails
  An efreet (D:14)
  10 rime drakes
  11 komodo dragons
  7 demonic crawlers
  4 freezing wraiths
  A green draconian zombie (Crypt:1)
  A redback zombie (D:15)
  2 guardian mummies (Crypt:1)
  4 yaktaurs (Vaults:2)
  13 tyrant leeches
  29 jumping spiders
  27 hornets
  A hornet (shapeshifter) (Vaults:1)
  A catoblepas skeleton (Crypt:1)
  A polar bear (shapeshifter) (Vaults:2)
  A meliai (shapeshifter) (D:15)
  3 meliai (Spider:2)
  16 trolls
  A harpy skeleton (Crypt:1)
  A wolf spider simulacrum (D:15)
  11 polar bears
  12 blink frogs
  8 bog bodies
  A merfolk (D:9)
  A guardian serpent zombie (Crypt:1)
  14 hippogriffs
  A raiju (Lair:6)
  A meliai zombie (D:11)
  4 air elementals
  20 spriggans
  A tarantella (shapeshifter) (Vaults:2)
  4 vampires
  48 yaks
  6 shadows
  54 redbacks
  8 wyverns
  4 wraiths
  22 tarantellas
  3 fire elementals
  2 hogs (Spider:3)
  A hog (shapeshifter) (Elf:2)
  2 water elementals
  5 basilisks
  A wind drake zombie (Crypt:1)
  A steam dragon (Lair:4)
  9 vampire mosquitoes
  7 wargs
  A human simulacrum (Vaults:2)
  14 swamp worms
  5 insubstantial wisps (Swamp:3)
  3 acid dragons
  11 water moccasins
  7 porcupines
  14 hell hounds (Lair:6)
  A hornet zombie (D:10)
  9 ice beasts
  A sky beast (D:11)
  14 black bears
  18 swamp drakes
  20 wolves
  31 ogres
  21 orc warriors
  5 phantoms
  2 eyes of draining
  3 boggarts (Lair:4)
  A centaur (shapeshifter) (Vaults:2)
  12 centaurs
  7 crocodiles
  A draconian zombie (Crypt:1)
  3 big kobolds
  A gnoll sergeant (Orc:1)
  2 wyvern zombies
  21 bullfrogs
  5 scorpions
  A queen bee zombie (Crypt:1)
  4 killer bees (D:10)
  3 wights (D:11)
  9 howler monkeys
  3 electric eels
  6 crimson imps
  7 centaur zombies
  2 human zombies (Crypt:1)
  18 orc wizards
  15 orc priests
  A gnoll shaman (D:8)
  5 hounds
  A human skeleton (Crypt:1)
  4 iguanas
  16 jellies
  3 bullfrog skeletons (D:11)
  A bullfrog zombie (D:9)
  10 worker ants
  2 hound zombies
  A hound skeleton (D:10)
  5 mummies (Crypt:1)
  2 howler monkey zombies
  A worker ant zombie (D:6)
  Robin (D:4)
  16 adders
  7 gnolls
  A river rat (D:6)
  3 shadow imps
  6 oozes
  An adder skeleton (D:5)
  3 worms
  4 dart slugs
  9 leopard geckos
  87 orcs
  15 giant cockroaches
  20 goblins
  13 hobgoblins
  9 jackals
  10 quokkas
  A ball python (D:2)
  4 bats (D:3)
  13 frilled lizards
  A jackal zombie (D:5)
  23 kobolds
  A leopard gecko skeleton (D:6)
  13 rats
  A rat skeleton (Crypt:1)
  A briar patch (Swamp:2)
1529 creatures vanquished.

Vanquished Creatures (others)
  An alligator (Swamp:3)
  A deep elf knight (Elf:1)
  A human (Spider:3)
  3 briar patches (Swamp:4)
  8 fungi
  53 plants
  7 toadstools (Swamp:3)
74 creatures vanquished.

Grand Total: 1603 creatures vanquished

Notes
Turn   | Place    | Note
-------+----------+-------------------------------------------
     0 | D:1      | UrsusMedved the Minotaur Berserker began the quest for the
                  | Orb.
     0 | D:1      | Reached XP level 1. HP: 19/19 MP: 0/0
   157 | D:1      | Reached XP level 2. HP: 27/27 MP: 1/1
   292 | D:1      | You fall into a shaft and drop 1 floor!
   297 | D:2      | Reached skill level 4 in Fighting
   362 | D:1      | Reached XP level 3. HP: 33/33 MP: 2/2
   373 | D:1      | Reached ** piety under Trog
   579 | D:1      | Reached skill level 5 in Polearms
   744 | D:1      | Found a sparkling altar of Nemelex Xobeh.
   859 | D:2      | Reached XP level 4. HP: 40/40 MP: 3/3
  1007 | D:2      | Reached XP level 5. HP: 47/47 MP: 4/4
  1018 | D:2      | Reached *** piety under Trog
  1391 | D:3      | Found an opulent altar of Gozag.
  1608 | D:3      | Found a sacrificial altar of Ru.
  1970 | D:3      | Reached **** piety under Trog
  1970 | D:3      | Reached XP level 6. HP: 53/53 MP: 5/5
  2343 | D:4      | Noticed Robin
  2359 | D:4      | Killed Robin
  2530 | D:4      | Found a shadowy altar of Dithmenos.
  2958 | D:4      | Reached XP level 7. HP: 34/60 MP: 6/6
  3461 | D:4      | Reached skill level 5 in Fighting
  3851 | D:5      | Entered Level 5 of the Dungeon
  4291 | D:5      | Reached skill level 10 in Polearms
  4915 | D:5      | Reached XP level 8. HP: 61/69 MP: 7/7
  5439 | D:6      | Found a blossoming altar of Fedhas.
  5499 | D:6      | Found a staircase to the Ecumenical Temple.
  5519 | D:6      | Reached skill level 5 in Armour
  5596 | D:6      | Found a glowing drain.
  5602 | Sewer    | Entered a sewer
  5777 | Sewer    | Reached ***** piety under Trog
  6636 | D:6      | Found Weyzym's Distillery.
  6652 | D:6      | Bought a potion of degeneration for 13 gold pieces
  6652 | D:6      | Bought a potion of heal wounds for 65 gold pieces
  6652 | D:6      | Bought 2 potions of might for 104 gold pieces
  6652 | D:6      | Bought a potion of flight for 39 gold pieces
  6652 | D:6      | Bought a potion of heal wounds for 65 gold pieces
  6773 | D:6      | Reached skill level 6 in Fighting
  6851 | D:7      | Found a shimmering altar of Xom.
  7073 | D:7      | Reached XP level 9. HP: 60/78 MP: 8/8
  7216 | D:7      | Received a gift from Trog
  7294 | D:7      | Reached skill level 7 in Fighting
  7371 | D:7      | Found a sparkling altar of Nemelex Xobeh.
  7656 | D:7      | Noticed Joseph
  7677 | D:7      | Killed Joseph
  8124 | D:8      | Noticed a two-headed ogre
  8139 | D:8      | Killed a two-headed ogre
  8139 | D:8      | Reached skill level 8 in Fighting
  8433 | D:8      | Noticed Erica
  8440 | D:8      | Killed Erica
  8440 | D:8      | Reached XP level 10. HP: 90/90 MP: 9/9
  8580 | D:8      | Found a glowing golden altar of the Shining One.
  8603 | D:8      | Found a staircase to the Lair.
  8715 | D:8      | Found a radiant altar of Vehumet.
  9212 | D:9      | Reached skill level 9 in Fighting
  9364 | D:9      | Found a basalt altar of Yredelemnul.
  9604 | D:9      | Found a burning altar of Makhleb.
  9926 | D:10     | Entered Level 10 of the Dungeon
 10369 | D:10     | Noticed a manticore
 10370 | D:10     | Noticed a white ugly thing
 10578 | D:10     | HP: 4/91 [white ugly thing (27)]
 10579 | D:10     | Killed a white ugly thing
 10988 | D:10     | Reached skill level 15 in Polearms
 10995 | D:10     | Reached XP level 11. HP: 99/99 MP: 10/10
 11277 | D:10     | Reached skill level 10 in Armour
 11342 | D:10     | Reached skill level 10 in Fighting
 11385 | D:10     | Received a gift from Trog
 11552 | D:10     | Killed an unseen horror
 11756 | D:10     | Noticed a brown ugly thing
 11758 | D:10     | Killed a brown ugly thing
 11771 | D:10     | Killed an unseen horror
 11788 | D:10     | Killed an unseen horror
 12109 | D:10     | Noticed an orc knight
 12115 | D:10     | Killed an orc knight
 12414 | D:10     | Reached skill level 11 in Fighting
 12987 | D:11     | Received a gift from Trog
 12988 | D:11     | Got a steaming demon trident {god gift}
 12989 | D:11     | Identified the +10 demon trident of Jozunitt {flame, +Rage
                  | +Fly rPois} (Trog gifted it to you on level 11 of the
                  | Dungeon)
 13095 | D:11     | Reached XP level 12. HP: 110/110 MP: 11/11
 13502 | D:11     | Noticed a two-headed ogre
 13521 | D:11     | Killed a two-headed ogre
 13797 | D:11     | Found a staircase to the Orcish Mines.
 14073 | D:12     | Noticed an eight-headed hydra
 14078 | D:12     | Killed an eight-headed hydra
 14157 | D:12     | Reached skill level 12 in Fighting
 14494 | D:12     | Noticed Maurice
 14503 | D:12     | Killed Maurice
 14702 | D:13     | Noticed a centaur warrior
 14706 | D:13     | Killed a centaur warrior
 15037 | D:13     | Noticed a two-headed ogre
 15044 | D:13     | Killed a two-headed ogre
 15208 | D:14     | Reached skill level 13 in Fighting
 15208 | D:14     | Reached skill level 1 in Shields
 15367 | D:14     | Reached ****** piety under Trog
 15386 | D:14     | Noticed a centaur warrior
 15398 | D:14     | Killed a centaur warrior
 15407 | D:14     | Reached XP level 13. HP: 76/122 MP: 12/12
 15499 | D:14     | Received a gift from Trog
 15874 | D:14     | Found a gate to the Vaults.
 15964 | D:14     | HP: 5/122 [acid (13)]
 16454 | Lair:1   | Entered Level 1 of the Lair of Beasts
 16578 | Lair:1   | Found a frozen archway.
 16587 | IceCv    | Entered an ice cave
 16670 | IceCv    | Received a gift from Trog
 16671 | IceCv    | Got an encrusted long sword {god gift}
 17603 | Lair:1   | Reached skill level 14 in Fighting
 17603 | Lair:1   | Reached skill level 5 in Shields
 17801 | Lair:2   | Found a staircase to the Swamp.
 17926 | Lair:2   | You fall into a shaft and drop 2 floors!
 18257 | Lair:2   | Found a gate leading to a gauntlet.
 18266 | Gauntlet | Entered a Gauntlet
 18266 | Gauntlet | Found a transporter.
 18267 | Gauntlet | Found a runed translucent door.
 18269 | Gauntlet | Found a transporter.
 18272 | Gauntlet | Found a transporter.
 18273 | Gauntlet | Found a transporter.
 18276 | Gauntlet | Found a transporter.
 18277 | Gauntlet | Found a transporter.
 18278 | Gauntlet | Found a large runed translucent door.
 18279 | Gauntlet | Found a large runed translucent door.
 18280 | Gauntlet | Found a large runed translucent door.
 18280 | Gauntlet | Found a large runed translucent door.
 18280 | Gauntlet | Found a runed translucent door.
 18281 | Gauntlet | Found a large runed translucent door.
 18282 | Gauntlet | Found a large runed translucent door.
 18283 | Gauntlet | Found a large runed translucent door.
 18283 | Gauntlet | Found a large runed translucent door.
 18284 | Gauntlet | Found a runed translucent door.
 18284 | Gauntlet | Found a runed translucent gate.
 18284 | Gauntlet | Found a runed translucent gate.
 18284 | Gauntlet | Found a runed translucent gate.
 18285 | Gauntlet | Noticed a blizzard demon
 18286 | Gauntlet | Found a transporter.
 18286 | Gauntlet | Found a transporter.
 18306 | Gauntlet | Found a transporter.
 18323 | Gauntlet | Found a transporter.
 18335 | Gauntlet | Found a transporter.
 18355 | Gauntlet | Found a transporter.
 18386 | Gauntlet | Found a runed translucent door.
 18402 | Gauntlet | Found a large runed translucent door.
 18403 | Gauntlet | Found a large runed translucent door.
 18404 | Gauntlet | Found a large runed translucent door.
 18404 | Gauntlet | Found a large runed translucent door.
 18405 | Gauntlet | Found a large runed translucent door.
 18406 | Gauntlet | Found a large runed translucent door.
 18407 | Gauntlet | Found a large runed translucent door.
 18407 | Gauntlet | Found a large runed translucent door.
 18489 | Gauntlet | Got an ichor-stained cloak
 18500 | Gauntlet | Identified the +1 cloak "Puapug" {Int+6 Stlth+} (You found
                  | it in a Gauntlet)
 18912 | Gauntlet | Noticed a minotaur
 18918 | Gauntlet | Killed a minotaur
 19387 | Lair:2   | Found a hole to the Spider Nest.
 19537 | Lair:2   | Reached XP level 14. HP: 129/133 MP: 13/13
 20023 | Lair:3   | Received a gift from Trog
 20777 | Lair:4   | Reached skill level 15 in Fighting
 21599 | Lair:5   | Received a gift from Trog
 21629 | Lair:5   | Found a staircase to the Slime Pits.
 22250 | Lair:5   | Found a runed translucent door.
 22508 | Lair:6   | Entered Level 6 of the Lair of Beasts
 22539 | Lair:6   | Noticed Rupert
 22554 | Lair:6   | Killed Rupert
 22820 | Lair:6   | Reached skill level 16 in Fighting
 23028 | Lair:6   | Reached XP level 15. HP: 139/144 MP: 14/14
 23587 | Lair:6   | Received a gift from Trog
 23683 | Lair:6   | Reached skill level 15 in Armour
 24591 | Orc:1    | Entered Level 1 of the Orcish Mines
 24742 | Orc:1    | Received a gift from Trog
 24747 | Orc:1    | Found Firphaw's Gadget Shoppe.
 25172 | Orc:2    | Entered Level 2 of the Orcish Mines
 25243 | Orc:1    | Reached skill level 10 in Shields
 26427 | Orc:2    | Reached skill level 17 in Fighting
 26576 | Orc:2    | Found a roughly hewn altar of Beogh.
 26605 | Orc:2    | Found a staircase to the Elven Halls.
 26729 | Orc:2    | Found Ydosiw's Jewellery Emporium.
 26757 | Orc:2    | Noticed Urug
 26770 | Orc:2    | Killed Urug
 26786 | Orc:2    | Found Luzecoecadd's Magic Scroll Shop.
 26829 | Orc:2    | Bought the ring of Qysah {rF+ MR+ MP+9 Int+2} for 849 gold
                  | pieces
 26844 | Orc:2    | Found Gerghoa's General Store.
 26845 | Orc:2    | Found Sualam's Antique Weapon Shoppe.
 26860 | Orc:2    | Bought a scroll of teleportation for 36 gold pieces
 26860 | Orc:2    | Bought a scroll of teleportation for 36 gold pieces
 26860 | Orc:2    | Bought a scroll of enchant armour for 90 gold pieces
 26860 | Orc:2    | Bought a scroll of teleportation for 36 gold pieces
 26877 | Orc:2    | Bought a scroll of silence for 75 gold pieces
 26877 | Orc:2    | Bought a potion of might for 40 gold pieces
 26877 | Orc:2    | Bought a scroll of enchant armour for 75 gold pieces
 27432 | Spider:1 | Entered Level 1 of the Spider Nest
 28496 | Lair:2   | Reached XP level 16. HP: 144/155 MP: 15/15
 29515 | Spider:1 | Noticed Louise
 29538 | Spider:1 | Killed Louise
 30473 | Spider:2 | Noticed Jorgrun
 30489 | Spider:2 | Killed Jorgrun
 30892 | Spider:3 | Noticed Kirke
 30908 | Spider:3 | Killed Kirke
 30948 | Spider:3 | Received a gift from Trog
 31827 | Spider:4 | Entered Level 4 of the Spider Nest
 31982 | Spider:4 | Identified Roxanne's Guide on the Mountains
 31982 | Spider:4 | Noticed Roxanne
 32114 | Spider:4 | Killed Roxanne
 32940 | Spider:4 | Reached skill level 18 in Fighting
 33017 | Spider:4 | Noticed Arachne
 33067 | Spider:4 | Killed Arachne
 33608 | Spider:4 | Received a gift from Trog
 33995 | Spider:4 | Reached XP level 17. HP: 166/166 MP: 16/16
 35153 | Spider:4 | Got a gossamer rune of Zot
 35312 | Swamp:1  | Entered Level 1 of the Swamp
 36505 | Swamp:2  | Noticed a tentacled monstrosity
 36516 | Swamp:2  | Killed a tentacled monstrosity
 36598 | Swamp:2  | Received a gift from Trog
 36849 | Lair:1   | Got a pair of scorched gloves
 36930 | Lair:1   | Identified the +0 pair of gloves of Limited Liability
                  | {Int+4} (You found it on level 1 of the Lair of Beasts)
 38023 | Swamp:3  | Reached skill level 15 in Shields
 38246 | Swamp:3  | Reached skill level 19 in Fighting
 38680 | Swamp:3  | Received a gift from Trog
 39157 | Swamp:4  | Entered Level 4 of the Swamp
 39432 | Swamp:4  | Reached XP level 18. HP: 170/176 MP: 17/17
 39763 | Swamp:4  | Received a gift from Trog
 39776 | Swamp:4  | Got a decaying rune of Zot
 40151 | Swamp:4  | Found a runed translucent gate.
 40152 | Swamp:4  | Found a runed translucent gate.
 40160 | Swamp:4  | Found a runed translucent gate.
 40176 | Swamp:4  | Noticed FishyPogo's ghost (adept GrGl)
 40203 | Swamp:4  | Killed FishyPogo's ghost
 41282 | D:15     | Entered Level 15 of the Dungeon
 42012 | D:15     | Found a staircase to the Depths.
 42106 | D:15     | Reached skill level 20 in Fighting
 42400 | Elf:1    | Entered Level 1 of the Elven Halls
 42421 | Elf:1    | Received a gift from Trog
 43310 | Elf:1    | Received a gift from Trog
 43541 | Elf:1    | Found the +15 Maxwell's patent armour {-Cast -Tele rElec
                  | MR+ rCorr}
 43828 | Elf:2    | Reached XP level 19. HP: 187/187 MP: 18/18
 44182 | Elf:2    | Received a gift from Trog
 44247 | Elf:2    | Found a runed translucent gate.
 44247 | Elf:2    | Found a runed translucent gate.
 44247 | Elf:2    | Found a runed translucent gate.
 44449 | Elf:2    | Found Saise's Weapon Shop.
 44854 | Elf:2    | Reached skill level 21 in Fighting
 45034 | Elf:3    | Entered Level 3 of the Elven Halls
 45038 | Elf:3    | Received a gift from Trog
 45675 | Elf:3    | Received a gift from Trog
 45849 | Elf:3    | Got a scorched golden ring
 45855 | Elf:3    | Got a steaming crystal amulet
 45858 | Elf:3    | Got a smoking emerald amulet
 45872 | Elf:3    | Identified the ring "Buwkijusk" {+Blink rF+ Int+3 Dex-3
                  | Slay+3} (You found it on level 3 of the Elven Halls)
 45874 | Elf:3    | Identified the amulet "Egiggank" {Acrobat rF+ Int+5 Dex+7}
                  | (You found it on level 3 of the Elven Halls)
 45876 | Elf:3    | Identified the amulet "Colaprow" {Spirit rF- rN+++ Dex-4
                  | Stlth+} (You found it on level 3 of the Elven Halls)
 45884 | Elf:3    | Got a scorched turquoise ring
 45897 | Elf:3    | Identified the ring "Kousamn" {Wiz rF+ MR+ Stlth+} (You
                  | found it on level 3 of the Elven Halls)
 46674 | Vaults:1 | Entered Level 1 of the Vaults
 46784 | Vaults:1 | Reached XP level 20. HP: 200/200 MP: 19/19
 46836 | Vaults:1 | Found Ukhing's Jewellery Shop.
 46901 | Vaults:1 | Bought the amulet "Razearaq" {Spirit rF+ rN+} for 674 gold
                  | pieces
 47187 | Vaults:1 | Reached skill level 22 in Fighting
 47196 | Vaults:1 | Received a gift from Trog
 49149 | Vaults:2 | Received a gift from Trog
 49390 | Vaults:2 | Found a staircase to the Crypt.
 49991 | Vaults:2 | Found an opulent altar of Gozag.
 50120 | Vaults:2 | Found Yrchaaghaw's Weapon Shop.
 50434 | Crypt:1  | Entered Level 1 of the Crypt
 50640 | Crypt:1  | Reached skill level 23 in Fighting
 50758 | Crypt:1  | Found a runed translucent gate.
 50759 | Crypt:1  | Found a runed translucent gate.
 50759 | Crypt:1  | Found an opulent altar of Gozag.
 50760 | Crypt:1  | Found a runed translucent gate.
 50769 | Crypt:1  | Noticed Kucw's ghost (adept GrFi)
 50785 | Crypt:1  | Received a gift from Trog
 50960 | Crypt:1  | You fall into a shaft and drop 1 floor!
 51017 | Crypt:2  | HP: 14/306 [jiangshi (9)]
 51017 | Crypt:2  | HP: 4/306 [jiangshi (10)]
 51022 | Crypt:2  | HP: 5/204 [jiangshi (3)]
 51028 | Crypt:2  | Slain by a flayed ghost

Levels and vault maps discovered:
D:1:      lightli_arrival_statue_moat, layout_rooms,
          nemelex_diamond_rough_becter
D:2:      layout_rooms, first_ration, hangedman_decor_clover_reticule
D:3:      layout_basic, marbit_many_paths, nicolae_ru_path_of_blood
D:4:      cheibrodos_thug_alley, layout_basic, grunt_dithmenos_smoke, uniq_robin
D:5:      layout_layer_cave, lemuel_flame_loot_1
D:6:      layout_basic, fedhas_altar_1, minmay_temple_entry_mini_moons,
          gup_sewer_entry_bubbles, serial_shops, shop
D:7:      layout_loops_corners, nicolae_overflow_crystal_walls,
          nemelex_xobeh_ov_fountains_minmay, uniq_joseph
D:8:      layout_basic, vehumet_crystals, kennysheep_mini_moat,
          lair_entry_dummy, serial_curves, eino_curves_02, eino_curves_02,
          uniq_erica
D:9:      layout_irregular_city, yredelemnul_altar_generic, basic_altar,
          hangedman_fish_farm
D:10:     minmay_the_grid_3x3 [minmay_the_grid_outer_circle,
          minmay_the_grid_holed_spiral, minmay_the_grid_paths,
          minmay_the_grid_slots, minmay_the_grid_large_cup,
          minmay_the_grid_medium_cups, minmay_the_grid_armoury,
          minmay_the_grid_gridbox, minmay_the_grid_prize_trominoes],
          layout_irregular_city, enter_bailey_1
D:11:     layout_basic, orc_0_dummy
D:12:     layout_loops_cross, uniq_maurice
D:13:     layout_roguey, kennysheep_decorative_pillar
D:14:     layout_big_octagon, david_vaults_4, kennysheep_generic_room_7
D:15:     grunt_enter_depths_hoard, layout_stronghold, minmay_strange_pillars
Lair:1:   layout_roguey, portal_ice_cave_rime, lemuel_oklob_altar,
          minmay_lair_oklob_chamber
Lair:2:   layout_roguey, skrybe_swamp_entry_bodies, spider_nest_entry_web_field,
          gauntlet_entry_generic
Lair:3:   layout_gridlike
Lair:4:   kb_forest_paths, layout_concentric_octagons
Lair:5:   layout_roguey, minmay_slime_entry_jelly_boxes,
          eino_small_chamber_without_monster, pf_torpor_hydra,
          infiniplex_staircase_pool_2, lemuel_fruit_tree
Lair:6:   hangedman_lair_caniforms_friends, layout_loops_ring,
          guppyfry_lair_end_dragon, st_stairs_13, serial_bayou_lagoon_a,
          minmay_lair_drake_nest, uniq_rupert
Swamp:1:  layout_basic_swamp, evilmike_swamp_ruin_house_2
Swamp:2:  layout_basic_swamp, nicolae_swamp_very_dense_foliage
Swamp:3:  cheibrodos_swamp_tower_of_moss, layout_basic_swamp, serial_swamp_ruin,
          evilmike_swamp_ruin_house_5, evilmike_swamp_ruin_house_4,
          evilmike_swamp_ruin_rubble_2
Swamp:4:  swamp_basic_johnstein, layout_basic_swamp, ebering_ghost_rock_garden,
          swamp_pool2
Spider:1: layout_spider_delve, uniq_louise
Spider:2: layout_spider_delve, drop_trap, uniq_jorgrun
Spider:3: layout_chambers, uniq_kirke
Spider:4: spider_rune_water, drop_trap, nicolae_spider_webbed_stairs,
          uniq_arachne, uniq_roxanne
Orc:1:    layout_caves, serial_shops, nicolae_shop_trees, sword_in_stone
Orc:2:    st_orc_open, layout_caves, bh_open_orc_temple, uniq_urug
Elf:1:    layout_geoelf_grid, hangedman_elf_represent, minivault_19
Elf:2:    layout_geoelf_octagon, serial_shops, shop_fountains
Elf:3:    minmay_elf_hall_circle, layout_onion_city, eino_tiny_chamber
Vaults:1: ontoclasm_vaults_claustrophobia, nicolae_vaults_mini_display_case,
          hangedman_vaults_restitches, st_quartered_hall, vaults_room_fours,
          ontoclasm_vaults_eye, layout_vaults_omnigrid, serial_shops, shop
Vaults:2: vaults_room_ringed_pool, serial_ice_g, minmay_crypt_entry_vampire_xt,
          vaults_room_corners, ontoclasm_vaults_shuriken,
          nicolae_vaults_three_branches, v_misc_9, vaults_mumra_minichess,
          vaults_room_pools, nicolae_vaults_little_squares_4,
          ontoclasm_vaults_twist, layout_vaults_chaotic_city, serial_shops,
          shop, basic_altar
Crypt:1:  layout_basic, ebering_ghost_gozag, grunt_ministairs_14,
          grunt_crypt_arrival_guarded_gate
Crypt:2:  layout_misc_corridors, minmay_misc_feat_columns, st_stairs_14,
          hangedman_summoners_spam

Skill      XL: |  1  2  3  4  5  6  7  8  9 10 11 12 13 14 15 16 17 18 19 20 |
---------------+-------------------------------------------------------------+-----
Polearms       | 4 5 6 7 8 10 11 13 15 16 18 19 20 21 22 | 22.2
Fighting       | 4 5 6 8 9 11 13 14 16 17 18 19 20 21 23 | 23.2
Armour         | 3 4 6 8 9 11 12 13 14 15 16 17 18 19 | 19.1
Shields        | 1 6 8 11 13 15 17 19 21 | 21.3
Dodging        | |  2.1
Evocations     | |  0.2

Action                   |  1- 3 |  4- 6 |  7- 9 | 10-12 | 13-15 | 16-18 | 19-21 || total
-------------------------+-------+-------+-------+-------+-------+-------+-------++-------
Melee: Spear             |    97 |   289 |   347 |       |       |       |       ||   733
       Headbutt          |    11 |    32 |    76 |    66 |   195 |   269 |   200 ||   849
       Glaive            |       |       |    66 |   361 |       |       |       ||   427
       Demon trident     |       |       |       |   183 |  1167 |  1471 |  1046 ||  3867
Invok: Berserk           |       |       |       |       |     1 |       |     1 ||     2
       Trog's Hand       |       |       |       |       |       |       |     1 ||     1
Evoke: Wand              |       |       |       |       |       |     3 |       ||     3
  Use: Scroll            |       |       |    16 |    14 |     9 |    12 |     7 ||    58
       Potion            |       |       |       |       |     9 |     7 |     3 ||    19
 Stab: Sleeping          |     1 |       |       |       |       |       |       ||     1
       Distracted        |       |       |       |     1 |       |       |     1 ||     2
       Held in net/web   |       |       |       |       |       |     1 |       ||     1
       Confused          |       |       |       |       |       |     2 |       ||     2
  Eat: Chunk             |       |     6 |    15 |    16 |    30 |    25 |    13 ||   105
       Ration            |       |       |     1 |     2 |     4 |     7 |     4 ||    18
Armor: Animal skin       |     9 |       |       |       |       |       |       ||     9
       Scale mail        |     2 |    49 |    39 |       |       |       |       ||    90
       Chain mail        |       |       |    39 |   156 |       |       |       ||   195
       Plate armour      |       |       |       |    50 |   393 |   658 |   169 ||  1270
Dodge: Dodged            |    24 |    68 |    95 |   107 |   128 |   164 |    50 ||   636
Block: Large shield      |       |       |       |    26 |   607 |  1017 |   490 ||  2140
